 Dungeon Crawl Stone Soup version 0.29-a0-330-g52719c12eb (webtiles) character file.

Game seed: 10399825251688209257

11735 Crownlay the Covert (level 11, 0/76 HPs)
             Began as an Octopode Earth Elementalist on May 25, 2022.
             Was the Champion of Cheibriados.
             Slain by Samael12321's ghost (22 damage)
             ... on level 8 of the Dungeon.
             The game lasted 00:25:20 (13405 turns).

Crownlay the Covert (Octopode Earth Elementalist)  Turns: 13405, Time: 00:25:20

Health: 0/76       AC:  7    Str: 23    XL:     11   Next: 82%
Magic:  8/22       EV: 27    Int: 54    God:    Cheibriados [******]
Gold:   529        SH:  0    Dex: 33    Spells: 17/25 levels left

rFire   + . .      SeeInvis .   b - +1 dagger of the Puffin {vorpal, *Slow rN++ Dex+5}
rCold   + . .      Faith    .   (no shield)
rNeg    + + .      Spirit   .   R - +2 hat
rPois   .          Reflect  .   i - amulet of the acrobat
rElec   .          Harm     .   f - +6 ring of intelligence
rCorr   .          Rampage  .   r - +6 ring of intelligence
Will    +....                   v - +4 ring of evasion
Stlth   +++++++...              w - +6 ring of intelligence
HPRegen 0.22/turn               y - ring of willpower
MPRegen 0.18/turn               d - ring of protection from fire
                                M - +4 ring of protection
                                Q - ring of protection from cold

@: very slow
A: almost no armour, amphibious, 8 rings, camouflage 1, gelatinous body 1,
(nimble swimmer 1), tentacles
a: Renounce Religion, Bend Time, Temporal Distortion, Slouch, Step From Time


You were on level 8 of the Dungeon.
You worshipped Cheibriados.
Cheibriados was exalted by your worship.
You visited 1 branch of the dungeon, and saw 11 of its levels.
You also visited: Ossuary and Bailey.

You collected 1150 gold pieces.
You spent 621 gold pieces at shops.

Inventory:

Hand Weapons
 b - the +1 dagger of the Puffin (weapon) {vorpal, *Slow rN++ Dex+5}
   (You bought it in a shop on level 5 of the Dungeon)

   It inflicts extra damage upon your enemies.
   Dex:       It affects your dexterity (+5).
   rN:        It greatly protects you from negative energy.
   *Slow:     It may slow you when you take damage.
Missiles
 a - 83 stones
Armour
 R - a +2 hat (worn)
Magical Staves
 J - a staff of conjuration
Jewellery
 d - a ring of protection from fire (on tentacle)
 f - a +6 ring of intelligence (left tentacle)
 i - an amulet of the acrobat (around mantle)
 r - a +6 ring of intelligence (right tentacle)
 v - a +4 ring of evasion (on tentacle)
 w - a +6 ring of intelligence (on tentacle)
 y - a ring of willpower (on tentacle)
 M - a +4 ring of protection (on tentacle)
 Q - a ring of protection from cold (on tentacle)
Wands
 k - a wand of digging (16)
 q - a wand of acid (6)
 t - a wand of flame (26)
 C - a wand of paralysis (7)
Scrolls
 c - 9 scrolls of teleportation
 h - 3 scrolls of brand weapon
 l - a scroll of enchant weapon {unknown}
 m - a scroll of enchant armour {unknown}
 s - 2 scrolls of blinking {unknown}
 x - 2 scrolls of fear
 A - a scroll of silence {unknown}
 B - 2 scrolls of fog
 D - 2 scrolls of holy word {unknown}
 L - a scroll of magic mapping
 O - a scroll of amnesia {unknown}
 P - a scroll of summoning {unknown}
Potions
 e - 11 potions of curing {unknown}
 g - 3 potions of degeneration {unknown}
 j - 3 potions of attraction {unknown}
 o - 4 potions of might {unknown}
 p - 2 potions of mutation {unknown}
 u - 2 potions of invisibility {unknown}
 z - 3 potions of brilliance {unknown}
 E - 3 potions of heal wounds {unknown}
 F - 3 potions of berserk rage {unknown}
 G - 5 potions of flight
 H - a potion of resistance {unknown}
 I - 2 potions of magic
 K - a potion of haste {unknown}
 N - 3 potions of cancellation {unknown}


   Skills:
 - Level 7.7 Fighting
 + Level 8.6 Dodging
 + Level 12.0 Stealth
 + Level 7.9 Spellcasting
 + Level 2.6 Transmutations
 + Level 8.9 Earth Magic


You had 17 spell levels left.
You knew the following spells:

 Your Spells              Type           Power      Damage    Failure   Level
a - Sandblast             Erth           100%       2d20      1%          1
b - Stone Arrow           Conj/Erth      100%       3d13      1%          3
c - Petrify               Tmut/Erth      71%        N/A       1%          4

Your spell library contained the following spells:

 Spells                   Type           Power      Damage    Failure   Level
 Ensorcelled Hibernation  Hex/Ice        42%        N/A       1%          2
 Passwall                 Tmut/Erth      59%        N/A       1%          2
 Static Discharge         Conj/Air       21%        N/A       1%          2
 Gell's Gravitas          Tloc           21%        N/A       2%          3
 Lesser Beckoning         Tloc           21%        N/A       2%          3
 Portal Projectile        Hex/Tloc       42%        N/A       2%          3
 Swiftness                Air            21%        N/A       2%          3
 Teleport Other           Tloc           21%        N/A       2%          3
 Tukima's Dance           Hex            21%        N/A       2%          3
 Blade Hands              Tmut           24%        N/A       8%          5
 Passage of Golubria      Tloc           21%        N/A       9%          4
 Yara's Violent Unravell  Hex/Tmut       17%        3d8       14%         5
 Excruciating Wounds      Necr           10%        N/A       24%         5
 Lightning Bolt           Conj/Air       10%        1d23      24%         5
 Maxwell's Capacitive Co  Air            10%        ∞         100%        8


Dungeon Overview and Level Annotations

Branches:
Dungeon (11/15)            Temple (0/1) D:6            Lair (0/6) D:9
    Orc (0/2) D:9         Ossuary (visited)          Bailey (visited)

Altars:
Cheibriados
Gozag
Ru

Shops:
D:2 (   D:5 (   D:8 (

Annotations:
D:8 Samael12321's ghost, novice TrIE


Innate Abilities, Weirdness & Mutations

You cannot wear most types of armour.
You are amphibious.
You can wear up to eight rings at the same time.
Your skin changes colour to match your surroundings (Stealth+).
Your rubbery body absorbs attacks. (AC +1, EV +1)
((You are camouflaged when in or above water. (Stealth+)))
You have tentacles for arms and can constrict up to eight enemies at once.


Message History

Casting: Sandblast (safe; 1% risk of failure)
Confirm with . or Enter, or press ? or * to list all spells.
Aiming: Sandblast (safe; 1% risk of failure)
Press: ? - help, Shift-Dir - straight line, f/p - Samael12321's ghost
Aim: Samael12321's ghost (moderately damaged, 84% to hit)
The blast of sand hits Samael12321's ghost.
Samael12321's ghost is moderately damaged.
Samael12321's ghost misses you.
Casting: Sandblast (safe; 1% risk of failure)
Confirm with . or Enter, or press ? or * to list all spells.
Aiming: Sandblast (safe; 1% risk of failure)
Press: ? - help, Shift-Dir - straight line, f/p - Samael12321's ghost
Aim: Samael12321's ghost (moderately damaged, 84% to hit)
The blast of sand hits Samael12321's ghost.
Samael12321's ghost is moderately damaged.
Samael12321's ghost barely misses you.
Casting: Sandblast (safe; 1% risk of failure)
Confirm with . or Enter, or press ? or * to list all spells.
Aiming: Stone Arrow (safe; 1% risk of failure)
Press: ? - help, Shift-Dir - straight line, f/p - Samael12321's ghost
Aim: Samael12321's ghost (moderately damaged, 78% to hit)
Okay, then.
Casting: Stone Arrow (safe; 1% risk of failure)
Confirm with . or Enter, or press ? or * to list all spells.
Aiming: Sandblast (safe; 1% risk of failure)
Press: ? - help, Shift-Dir - straight line, f/p - Samael12321's ghost
Aim: Samael12321's ghost (moderately damaged, 84% to hit)
The blast of sand hits Samael12321's ghost!
Samael12321's ghost is moderately damaged.
Samael12321's ghost hits you.
* * * LOW HITPOINT WARNING * * *
Casting: Sandblast (safe; 1% risk of failure)
Confirm with . or Enter, or press ? or * to list all spells.
Aiming: Sandblast (safe; 1% risk of failure)
Press: ? - help, Shift-Dir - straight line, f/p - Samael12321's ghost
Aim: Samael12321's ghost (moderately damaged, 84% to hit)
The blast of sand hits Samael12321's ghost!
Samael12321's ghost is heavily damaged.
Samael12321's ghost hits you!!
You die...

############
...........#
.#########.# .##
#.#### ..# #....##
..# #.##..#### #.#
#....[...#
#.########.....)@.#
.........#.##''W###
.#######.###...c.##
..## #[##.$$_.$.#
...# #[.#8..8.$8#
...# #..#.$.$$..#
...# #..##∩8∩8∩##
..#### #..########
.###.# #[.#


You could see a centaur and Samael12321's ghost.

Vanquished Creatures
  5 two-headed ogres
  An orc knight (Bailey)
  A manticore (D:10)
  A kobold demonologist (D:6)
  An unseen horror (D:10)
  A yaktaur (D:8)
  3 trolls
  2 shadows (D:9)
  A yak (D:9)
  2 wyverns
  A steam dragon (D:10)
  5 vampire mosquitoes
  A water moccasin (D:6)
  2 ice beasts
  A black bear (D:8)
  8 orc warriors
  A sky beast (D:7)
  An ogre (D:5)
  2 centaurs
  2 phantoms
  2 bullfrogs (D:8)
  A wyvern zombie (Ossuary)
  2 necrophages
  2 gnoll sergeants (D:7)
  4 scorpions
  26 wights
  2 howler monkeys (D:7)
  A crimson imp (D:8)
  3 bullfrog zombies (Ossuary)
  4 centaur zombies (Ossuary)
  A jelly (D:8)
  4 hounds
  An orc priest (D:9)
  12 mummies (Ossuary)
  2 iguanas (D:5)
  7 orc wizards
  4 killer bee zombies (Ossuary)
  3 howler monkey zombies (Ossuary)
  13 gnolls
  9 adders
  A shadow imp (D:7)
  3 white imps
  2 worms
  49 orcs
  8 endoplasms
  3 giant cockroaches
  16 goblins
  12 hobgoblins
  4 jackals (D:5)
  19 kobolds
  2 quokkas
  10 ball pythons
  7 bats
  3 frilled lizards
  5 rats
289 creatures vanquished.

Vanquished Creatures (others)
  A fungus (D:9)
  A plant (D:9)
  6 withered plants (Ossuary)
8 creatures vanquished.

Grand Total: 297 creatures vanquished

Notes
Turn   | Place    | Note
-------+----------+-------------------------------------------
     0 | D:1      | Crownlay the Octopode Earth Elementalist began the quest
                  | for the Orb.
     0 | D:1      | Reached XP level 1. HP: 11/11 MP: 3/3
   498 | D:1      | Reached XP level 2. HP: 18/18 MP: 5/5
   536 | D:1      | Reached skill level 3 in Stealth
  1149 | D:2      | Found Qedyadim's Antique Weapon Shoppe.
  1211 | D:2      | Reached XP level 3. HP: 22/22 MP: 3/6
  1287 | D:2      | Reached skill level 1 in Fighting
  1308 | D:2      | Learned a level 3 spell: Stone Arrow
  1508 | D:2      | Found a faded altar of an unknown god.
  1597 | D:2      | Found a snail-covered altar of Cheibriados.
  1991 | D:3      | Noticed a phantom
  1997 | D:3      | Killed a phantom
  1998 | D:3      | Reached skill level 4 in Stealth
  1998 | D:3      | Reached XP level 4. HP: 29/29 MP: 1/8
  1998 | D:3      | Reached XP level 5. HP: 34/34 MP: 1/9
  2253 | D:2      | Became a worshipper of Cheibriados the Contemplative
  2937 | D:4      | Reached XP level 6. HP: 39/39 MP: 6/10
  3164 | D:4      | Reached * piety under Cheibriados
  3691 | D:5      | Entered Level 5 of the Dungeon
  3748 | D:5      | Learned a level 4 spell: Petrify
  3844 | D:5      | Reached skill level 5 in Stealth
  4166 | D:5      | Reached XP level 7. HP: 45/45 MP: 5/12
  4446 | D:5      | Found Zini's Weapon Boutique.
  5048 | D:6      | Noticed a kobold demonologist
  5050 | D:6      | Noticed a sun demon
  5051 | D:6      | Noticed a chaos spawn
  5051 | D:6      | Killed a kobold demonologist
  5052 | D:6      | Reached skill level 6 in Stealth
  5052 | D:6      | Reached skill level 5 in Earth Magic
  5052 | D:6      | Reached XP level 8. HP: 54/54 MP: 10/14
  5095 | D:6      | Reached ** piety under Cheibriados
  5156 | D:6      | Found a staircase to the Ecumenical Temple.
  5708 | D:6      | Reached skill level 7 in Stealth
  6129 | D:7      | Reached skill level 5 in Dodging
  6158 | D:7      | Reached XP level 9. HP: 52/59 MP: 4/16
  6181 | D:7      | Found a flagged portal.
  6193 | Bailey   | Entered a bailey
  6269 | Bailey   | Noticed an orc knight
  6377 | Bailey   | Reached skill level 5 in Spellcasting
  6379 | Bailey   | Reached *** piety under Cheibriados
  6496 | Bailey   | Reached skill level 5 in Fighting
  6496 | Bailey   | Reached skill level 8 in Stealth
  6729 | Bailey   | Killed an orc knight
  7044 | D:7      | Reached skill level 9 in Stealth
  7214 | D:7      | Reached **** piety under Cheibriados
  7230 | D:7      | Reached XP level 10. HP: 53/68 MP: 11/19
  7884 | D:8      | Noticed a two-headed ogre
  7888 | D:8      | Killed a two-headed ogre
  7888 | D:8      | Noticed a two-headed ogre
  7895 | D:8      | Killed a two-headed ogre
  7896 | D:8      | Reached skill level 10 in Stealth
  8035 | D:8      | Found a sand-covered staircase.
  8044 | Ossuary  | Entered an ossuary
  8124 | Ossuary  | Reached ***** piety under Cheibriados
  8769 | D:8      | Found a runed translucent gate.
  8769 | D:8      | Found an opulent altar of Gozag.
  8770 | D:8      | Found a runed translucent gate.
  8770 | D:8      | Found a runed translucent gate.
  8771 | D:8      | Noticed Samael12321's ghost (novice TrIE)
  8834 | D:8      | Reached XP level 11. HP: 75/75 MP: 17/21
  9033 | D:8      | Found Ymeagen's Antique Weapon Emporium.
  9426 | D:9      | Found a sacrificial altar of Ru.
  9708 | D:9      | Found a staircase to the Lair.
  9737 | D:9      | Noticed a two-headed ogre
  9740 | D:9      | Reached skill level 11 in Stealth
  9744 | D:9      | Killed a two-headed ogre
 10151 | D:9      | Reached ****** piety under Cheibriados
 10161 | D:9      | Found a staircase to the Orcish Mines.
 10647 | D:9      | Noticed a two-headed ogre
 10654 | D:9      | Killed a two-headed ogre
 10973 | D:10     | Entered Level 10 of the Dungeon
 11250 | D:10     | Noticed a manticore
 11256 | D:10     | Killed a manticore
 12308 | D:10     | Noticed a two-headed ogre
 12311 | D:10     | Killed a two-headed ogre
 12700 | D:10     | Reached skill level 12 in Stealth
 13075 | D:2      | Bought a glimmering dagger for 196 gold pieces
 13075 | D:2      | Identified the +3 dagger "Yzoddobi" {speed, Str-4 Int+6}
                  | (You bought it in a shop on level 2 of the Dungeon)
 13147 | D:5      | Bought the +1 dagger of the Puffin {vorpal, *Slow rN++
                  | Dex+5} for 425 gold pieces
 13259 | D:11     | Noticed a catoblepas
 13259 | D:11     | Noticed a manticore
 13405 | D:8      | Slain by Samael12321's ghost

Illustrated notes

Levels and vault maps discovered:
D:1:      dpeg_arrival_rhombus, layout_loops_ring, minmay_tall_x
D:2:      minmay_inner_zag, layout_basic, basic_altar, basic_ecumenical_altar,
          serial_shops, nicolae_shop_hallway_plus
D:3:      layout_loops_cross
D:4:      layout_basic
D:5:      wander_river, layout_loops_ring, serial_shops,
          nicolae_shop_bloodbath_and_beyond, small_statue_intersection
D:6:      layout_loops_corners, minmay_temple_entry_ruins,
          grunt_decor_mini_mirrors
D:7:      layout_basic, enter_bailey_4
D:8:      nicolae_cairo_tiling_large_dashed, layout_loops_ring, enter_ossuary_1,
          ebering_ghost_gozag, serial_shops, nicolae_shop_trees,
          minmay_fire_ice_demons
D:9:      layout_layer_cave, nicolae_ru_sacrificial_ziggurat, dpeg_oklobed_lair,
          hiddenorc2_lemuel, kennysheep_potato
D:10:     minmay_angry_zag, layout_layer_cave, minmay_circle_x
D:11:     nzn_motion_control, layout_basic, jiyva_altar_1

Skill      XL: |  1  2  3  4  5  6  7  8  9 10 11 |
---------------+----------------------------------+-----
Stealth        | 3 4 5 6 7 9 10 12 | 12.0
Fighting       | 1 2 3 4 5 7 |  7.7
Dodging        | 3 4 5 6 7 8 |  8.6
Spellcasting   | 3 4 6 7 |  7.9
Earth Magic    | 4 5 6 7 8 |  8.9
Transmutations | 2 |  2.6

Action                   |  1- 3 |  4- 6 |  7- 9 | 10-12 || total
-------------------------+-------+-------+-------+-------++-------
Melee: Unarmed           |     8 |       |       |       ||     8
       Tentacles         |    16 |     2 |     2 |    44 ||    64
       Short sword       |    36 |       |       |       ||    36
       Constrict         |    18 |     3 |     1 |    26 ||    48
       Whip              |    33 |    12 |     6 |   113 ||   164
       Punch             |     2 |       |       |       ||     2
 Cast: Sandblast         |    10 |    49 |    84 |   108 ||   251
       Stone Arrow       |       |     6 |    43 |    88 ||   137
Evoke: Wand              |       |       |     1 |       ||     1
  Use: Scroll            |       |     3 |     3 |     3 ||     9
       Potion            |       |       |     1 |       ||     1
 Stab: Sleeping          |    13 |     1 |       |     1 ||    15
       Distracted        |     1 |       |       |     1 ||     2
Armor: Skin              |     1 |       |     4 |    24 ||    29
Dodge: Dodged            |    48 |    31 |    73 |   238 ||   390

Table legend: (Time is in decaauts)
 A = Elapsed time spent in this place.
 B = Non-inter-level travel time spent in this place.
 C = Inter-level travel time spent in this place.
 D = Time resting spent in this place.
 E = Time spent auto-exploring this place.
 F = Levels seen in this place.
 G = Mean time per level.
                   A        B        C        D        E       F      G
               +--------+--------+--------+--------+--------+-----+--------+
         Total |  18043 |  16953 |   1090 |    262 |  14245 |  13 | 1387.9 |
       Dungeon |  16574 |  15484 |   1090 |    262 |  13197 |  11 | 1506.7 |
       Ossuary |    566 |    566 |      0 |      0 |    376 |   1 |  566.0 |
        Bailey |    902 |    902 |      0 |      0 |    670 |   1 |  902.0 |
               +--------+--------+--------+--------+--------+-----+--------+

Top non-repeatable levels by time:
    D:10: 3239 daAuts
     D:9: 2706 daAuts
     D:8: 1899 daAuts
     D:5: 1765 daAuts
     D:6: 1478 daAuts
     D:7: 1329 daAuts
     D:1: 1097 daAuts
     D:4: 1061 daAuts
     D:3: 1050 daAuts
     D:2: 944 daAuts
  Bailey: 902 daAuts
 Ossuary: 566 daAuts
    D:11: 3 daAuts
